 Dungeon Crawl Stone Soup version 0.30.0-19-g36f170ea60 (webtiles) character file.

Game seed: 17972735938720698806

567 cdecastro the Magician (level 7, -1/56 HPs)
             Began as a Mummy Cinder Acolyte on May 29, 2023.
             Was a High Priest of Ignis.
             Slain by a kobold brigand
             ... wielding a +2 dagger of venom
              (8 damage)
             ... on level 6 of the Dungeon.
             The game lasted 00:11:43 (6488 turns).

cdecastro the Magician (Mummy Cinder Acolyte)       Turns: 6488, Time: 00:11:44

Health: -1/56      AC:  2    Str: 17    XL:     7   Next: 11%
Magic:  1/14       EV: 11    Int: 15    God:    Ignis [*****.]
Gold:   256        SH:  0    Dex:  8    Spells: 3/16 levels left

rFire   . . .        a - -1 spear (flame)
rCold   + . .        (no shield)
rNeg    + + +        b - +0 robe
rPois   ∞            (no helmet)
rElec   .            (no cloak)
rCorr   .            (no gloves)
SInv    .            (no boots)
Will    .....        (no amulet)
Stlth   +            (no ring)
HPRegen 0.29/turn    (no ring)
MPRegen 0.14/turn

%: faith
@: no status effects
A: cold resistance 1, negative energy resistance 3, torment resistance 2, heat
vulnerability 1, in touch with death 1, no potions, faith
a: Renounce Religion, Fiery Armour, Foxfire Swarm, Rising Flame


You were on level 6 of the Dungeon.
You worshipped Ignis.
Ignis was extremely pleased with you.
You visited 2 branches of the dungeon, and saw 7 of its levels.

You collected 256 gold pieces.

Inventory:

Hand Weapons
 a - a -1 spear of flaming (weapon)
Armour
 b - a +0 robe (worn)
 i - a +0 pair of boots
Jewellery
 g - a ring of magical power
Wands
 m - a wand of digging (4)
Scrolls
 c - 2 scrolls of butterflies {unknown}
 d - 2 scrolls of immolation {unknown}
 e - 2 scrolls of teleportation {unknown}
 f - a scroll of magic mapping {unknown}
 h - 2 scrolls of identify {unknown}
 j - a scroll of enchant armour {unknown}
 k - a scroll of torment {unknown}
 l - 2 scrolls of fear {unknown}
 n - a scroll of noise {unknown}


   Skills:
 - Level 5.0 Fighting
 - Level 2.4 Polearms
 - Level 5.0 Spellcasting
 - Level 4.0 Fire Magic
 + Level 2.3 Poison Magic


You had 3 spell levels left.
You knew the following spells:

 Your Spells              Type           Power      Damage    Failure   Level
a - Scorch                Fire           30%        2d6       4%          2
b - Olgreb's Toxic Radia  Pois           10%        N/A       52%         4
c - Magic Dart            Conj           12%        1d3       16%         1
d - Searing Ray           Conj           6%         2d4       24%         2
e - Fulminant Prism       Conj/Hex       1%         3d5       85%         4

Your spell library contained the following spells:

 Spells                   Type           Power      Damage    Failure   Level
 Sting                    Tmut/Pois      28%        1d4       10%         1
 Poisonous Vapours        Pois/Air       14%        N/A       16%         2


Dungeon Overview and Level Annotations

Branches:
Dungeon (6/15)             Temple (1/1) D:4

Altars:
Cheibriados
Dithmenos
Fedhas
Gozag
Hepliaklqana
Kikubaaqudgha
Makhleb
Nemelex Xobeh
Okawaru
Qazlal
Sif Muna
Trog
Uskayaw
Vehumet
Wu Jian
Xom
Yredelemnul


Innate Abilities, Weirdness & Mutations

You are immune to poison.
Your flesh is cold resistant. (rC+)
You are immune to negative energy. (rN+++)
You are immune to unholy pain and torment.
You are vulnerable to heat. (rF-)
You are in touch with the powers of death.
You do not drink.
You have a special connection with the divine. (Faith)


Message History

You closely miss the kobold brigand.
The kobold brigand is heavily wounded.
The kobold brigand hits you with a +2 dagger of venom.
You barely miss the kobold brigand.
The kobold brigand is heavily wounded.
The kobold brigand hits you with a +2 dagger of venom.
You barely miss the kobold brigand.
The kobold brigand is heavily wounded.
The kobold brigand hits you with a +2 dagger of venom!
You hit the kobold brigand but do no damage.
Your punch misses the kobold brigand.
The kobold brigand is heavily wounded.
The kobold brigand hits you with a +2 dagger of venom!
* * * LOW HITPOINT WARNING * * *
You hit the kobold brigand. You burn the kobold brigand.
The kobold brigand is severely wounded.
The kobold brigand completely misses you.
You hit the kobold brigand but do no damage.
The kobold brigand is severely wounded.
The kobold brigand is no longer more vulnerable to fire.
The kobold brigand barely misses you.
Unknown command.
You hit the kobold brigand. You burn the kobold brigand.
The kobold brigand is almost dead.
The kobold brigand hits you with a +2 dagger of venom!
* * * LOW HITPOINT WARNING * * *
Unknown command.
Casting: Scorch (safe; 4% risk of failure)
Press: ? - help, Q - select action, (/) - cycle Dir - look around, f - activate Flames lash the kobold.
You kill the kobold!
The kobold brigand hits you with a +2 dagger of venom!
* * * LOW HITPOINT WARNING * * *
You can't drink.
Okay, then.
Unknown command.
You barely miss the kobold brigand.
The kobold brigand is almost dead.
The kobold brigand hits you with a +2 dagger of venom!
You die...

#.....(........#
#......###.....#
#..(###...##...#
#.###
#.....#...# .
#...#...#...##
#.. #####..##
#...#...#(.#
#.....###
##..@## #.###K##
#. #.K.# # #.).#
#...# ##.#.#
.##.# K .# .. .#


You could see a kobold brigand and a kobold.

Vanquished Creatures
  A phantom (D:5)
  2 scorpions
  An iguana (D:5)
  5 orc wizards
  A gnoll (D:4)
  10 adders
  A worm (D:4)
  2 dart slugs
  7 orcs
  6 bats
  11 endoplasms
  3 giant cockroaches
  10 goblins
  7 hobgoblins
  4 jackals (D:5)
  13 kobolds
  5 quokkas
  7 ball pythons
  5 frilled lizards
  5 rats
106 creatures vanquished.

Vanquished Creatures (others)
  An orc wizard (D:4)
1 creature vanquished.

Grand Total: 107 creatures vanquished

Notes
Turn   | Place    | Note
-------+----------+-------------------------------------------
     0 | D:1      | cdecastro the Mummy Cinder Acolyte began the quest for the
                  | Orb.
     0 | D:1      | Reached XP level 1. HP: 18/18 MP: 2/2
   301 | D:1      | Reached XP level 2. HP: 24/24 MP: 4/4
   316 | D:1      | Learned a level 2 spell: Scorch
  1288 | D:1      | Gained mutation: You are in touch with the powers of death.
                  | [Mummy growth]
  1288 | D:1      | Reached XP level 3. HP: 29/29 MP: 0/5
  2074 | D:2      | Reached XP level 4. HP: 32/35 MP: 1/6
  3190 | D:3      | Reached XP level 5. HP: 41/41 MP: 3/11
  3696 | D:3      | Reached skill level 5 in Spellcasting
  4074 | D:3      | Reached XP level 6. HP: 18/48 MP: 2/13
  4229 | D:4      | Found a staircase to the Ecumenical Temple.
  4476 | D:4      | Found an ornate altar of the Wu Jian Council.
  5016 | Temple   | Entered the Ecumenical Temple
  5848 | D:4      | Learned a level 4 spell: Olgreb's Toxic Radiance
  5850 | D:4      | Learned a level 1 spell: Magic Dart
  5853 | D:4      | Learned a level 2 spell: Searing Ray
  5858 | D:4      | Learned a level 4 spell: Fulminant Prism
  5859 | D:5      | Entered Level 5 of the Dungeon
  6146 | D:5      | Reached skill level 5 in Fighting
  6241 | D:5      | Reached skill level 1 in Poison Magic
  6355 | D:5      | Noticed a yak
  6355 | D:5      | Noticed a yak
  6371 | D:5      | Reached XP level 7. HP: 56/56 MP: 7/14
  6488 | D:6      | Slain by a kobold brigand

Illustrated notes

Levels and vault maps discovered:
D:1:      dpeg_arrival_ternary, layout_basic
D:2:      layout_loops_corners, dk_vineyard_1, skrybe_limestone_x
D:3:      layout_loops_ring
D:4:      layout_cave_pods, mainiacjoe_overflow_alcove_4, temple_doors_e
D:5:      layout_cave_pools, minmay_misc_feat_nine_boxes,
          uniq_crazy_yiuf_cottage
D:6:      nicolae_cairo_tiling, layout_rooms, uniq_eustachio, uniq_pikel
Temple:   compressed_dpeg_triangle_lava_temple

Skill      XL: |  1  2  3  4  5  6 |
---------------+-------------------+-----
Fire Magic     | 3 4 |  4.0
Spellcasting   | 4 5 |  5.0
Fighting       | 4 5 |  5.0
Poison Magic   | 2 |  2.3
Polearms       | |  2.4

Action                     |  1- 3 |  4- 6 |  7- 9 || total
---------------------------+-------+-------+-------++-------
  Melee: Spear             |    73 |    32 |    11 ||   116
         Punch             |     1 |       |       ||     1
   Cast: Scorch            |    28 |   109 |     9 ||   146
 Armour: Robe              |    14 |     7 |     1 ||    22
  Dodge: Dodged            |    45 |    43 |     6 ||    94
